Map: Acropolis LE

Players

TLO

  • Race: Zerg Zerg
  • Spawn Location: 5:00

Zanster - Winner!

  • Race: Zerg Zerg
  • Spawn Location: 11:00

Event: 2019 WCS Summer

VOD

Have the link to the VOD?

Description

Time

  • Played on: July 12, 2019, 7:10 a.m.
  • Length: 14:04

All games in this series

Show
View Real Time Build Order
Export as new Build Order

TLO Zerg 

Build Orders: 3 Hatch before Pool 

Get SALT Encoding   

  12  0:00  Drone  
  13  0:12  Overlord  
  13  0:16  Drone  
  14  0:30  Drone  
  14  0:31  Drone  
  16  0:47  Hatchery  
  15  0:51  Drone  
  15  0:54  Drone  
  17  0:57  Drone  
  18  1:18  Hatchery  
  17  1:20  Drone  
  18  1:33  Spawning Pool  
  18  1:36  Drone  
  18  1:40  Drone  
  18  1:42  Drone  
  20  1:49  Drone  
  21  2:00  Drone  
  23  2:01  Drone  
  23  2:15  Drone  
  24  2:20  Queen x2  
  28  2:24  Overlord  
  28  2:30  Queen  
  28  2:31  Zergling x4  
  28  2:35  Overlord  
  32  2:37  Drone  
  32  2:39  Drone  
  34  2:47  Drone  
  34  2:48  Drone, Spine Crawler  
  34  2:51  Drone  
  36  2:53  Drone  
  36  2:57  Drone x2  
  39  3:03  Queen  
  41  3:06  Drone  
  41  3:11  Overlord  
  42  3:13  Drone x2  
  42  3:17  Drone, Extractor  
  42  3:19  Drone, Extractor  
  44  3:23  Drone  
  44  3:25  Drone  
  44  3:26  Drone  
  47  3:29  Overlord  
  47  3:32  Drone x2  
  49  3:37  Drone x3  
  49  3:39  Drone  
  53  3:42  Drone  
  54  3:50  Drone, Overlord  
  54  3:51  Drone  
  57  3:55  Drone  
  57  3:57  Drone, Evolution Chamber  
  57  3:59  Overlord  
  57  4:00  Drone x2, Extractor  
  57  4:01  Drone, Extractor  
  58  4:08  Drone x2  
  60  4:11  Drone, Roach Warren  
  60  4:13  Drone x2  
  62  4:17  Lair  
  62  4:18  Drone  
  62  4:20  Drone  
  62  4:21  Drone  
  62  4:24  Drone  
  66  4:28  Drone x2  
  66  4:31  Metabolic Boost  
  68  4:32  Drone, Extractor  
  68  4:33  Extractor  
  68  4:34  Drone x2  
  68  4:35  Drone  
  68  4:37  Drone  
  71  4:39  Zerg Melee Weapons Level 1  
  71  4:41  Drone  
  71  4:44  Drone  
  71  4:45  Drone  
  74  4:47  Drone x2  
  76  4:53  Drone  
  76  4:56  Zergling x2  
  78  5:02  Baneling Nest  
  78  5:03  Zergling x4  
  78  5:05  Hatchery  
  78  5:06  Zergling x2, Evolution Chamber  
  79  5:07  Zergling x2  
  79  5:08  Zergling x2  
  79  5:10  Zergling x2  
  79  5:12  Overlord  
  79  5:13  Overlord  
  82  5:19  Spire  
  82  5:21  Baneling Nest  
  80  5:24  Zergling x2  
  80  5:25  Zergling x2  
  80  5:28  Overlord  
  82  5:29  Overlord  
  82  5:39  Drone  
  82  5:42  Zerg Ground Armor Level 1  
  83  5:44  Drone x2  
  85  5:50  Drone  
  85  5:55  Drone  
  87  5:59  Overlord  
  87  6:01  Extractor x2  
  85  6:06  Drone x2  
  85  6:07  Drone  
  85  6:14  Overlord x3  
  85  6:15  Infestation Pit  
  85  6:16  Drone x2  
  85  6:17  Drone x2  
  88  6:32  Mutalisk x11  
  88  6:34  Mutalisk  
  88  6:35  Mutalisk  
  88  6:38  Mutalisk  
  109  6:40  Drone x2  
  109  6:44  Drone  
  109  6:45  Drone  
  112  6:47  Drone x2, Spore Crawler  
  112  6:48  Mutalisk  
  112  6:50  Spore Crawler  
  112  6:51  Zerg Flyer Weapons Level 1  
  112  6:53  Drone  
  112  6:54  Drone  
  116  6:56  Spore Crawler  
  116  6:57  Drone x2, Spine Crawler x2  
  115  7:02  Hive  
  115  7:03  Zergling x2  
  115  7:04  Zergling x2  
  115  7:06  Zergling x6  
  115  7:08  Zergling x2  
  121  7:09  Zergling x4  
  121  7:11  Zergling x2  
  121  7:12  Mutalisk  
  121  7:14  Mutalisk  
  128  7:16  Mutalisk  
  128  7:17  Mutalisk  
  128  7:22  Zergling x4  
  132  7:23  Zerg Melee Weapons Level 2  
  132  7:28  Mutalisk  
  132  7:30  Drone  
  132  7:31  Drone  
  132  7:33  Mutalisk  
  132  7:34  Zergling x4  
  136  7:38  Pneumatized Carapace  
  136  7:40  Overseer  
  136  7:41  Drone  
  136  7:42  Drone x2  
  139  7:46  Zergling x10  
  144  7:57  Mutalisk, Overlord  
  144  8:05  Overlord x3  
  144  8:06  Baneling x10  
  144  8:09  Spine Crawler  
  144  8:10  Spine Crawler  
  144  8:11  Spine Crawler, Overlord  
  141  8:19  Zerg Ground Armor Level 2, Ultralisk Cavern  
  139  8:22  Zergling x2  
  139  8:23  Zergling x2  
  141  8:27  Mutalisk  
  141  8:32  Baneling  
  143  8:43  Zergling x2, Adrenal Glands  
  143  8:44  Zergling x6  
  143  8:46  Overlord  
  145  9:00  Mutalisk  
  145  9:10  Chitinous Plating  
  145  9:12  Ultralisk  
  145  9:13  Ultralisk  
  145  9:14  Drone  
  158  9:19  Ultralisk  
  158  9:23  Hatchery  
  161  9:25  Drone  
  161  9:27  Hatchery, Spine Crawler  
  161  9:28  Spine Crawler, Spore Crawler  
  161  9:29  Spore Crawler  
  161  9:31  Drone, Spine Crawler, Spore Crawler  
  156  9:33  Zergling x4  
  156  9:34  Overseer x5  
  158  9:42  Ultralisk  
  164  9:47  Drone  
  164  9:48  Drone x2, Spine Crawler  
  166  9:55  Viper  
  169  10:02  Ultralisk  
  153  10:10  Ultralisk  
  143  10:14  Zergling x2  
  143  10:18  Zergling x2  
  143  10:19  Drone x2  
  143  10:21  Ultralisk  
  149  10:27  Drone  
  149  10:28  Drone x2  
  152  10:33  Ultralisk  
  157  10:39  Ultralisk  
  163  10:47  Zergling x2  
  164  10:53  Drone  
  164  10:54  Drone x13  
  178  11:07  Anabolic Synthesis  
  178  11:08  Zerg Ground Armor Level 3  
  178  11:10  Zergling x4  
  180  11:16  Spine Crawler  
  179  11:20  Zergling x2  
  179  11:24  Centrifical Hooks  
  173  11:26  Zerg Melee Weapons Level 3  
  173  11:31  Spine Crawler  
  170  11:34  Zergling x2  
  170  11:35  Zergling x2  
  169  11:41  Ultralisk  
  169  11:44  Drone x5, Spine Crawler  
  169  11:46  Spine Crawler x2  
  177  11:48  Zergling x4  
  177  11:55  Overlord x2  
  177  11:56  Overlord  
  177  12:02  Overlord x2  
  177  12:08  Overlord  
  175  12:12  Overlord  
  175  12:14  Nydus Network  
  174  12:19  Overseer x5  
  167  12:24  Ultralisk  
  167  12:26  Zergling x2, Ultralisk x2  
  167  12:27  Zergling x4  
  167  12:29  Zergling x4  
  146  12:33  Viper  
  149  12:40  Ultralisk  
  149  12:41  Zergling x6  
  149  12:42  Zergling x4  
  160  12:48  Baneling x3  
  160  12:54  Zergling x2  
  160  12:59  Ultralisk  
  160  13:03  Zergling x2  
  160  13:05  Ultralisk  
  167  13:06  Zergling x2  
  167  13:17  Ultralisk  
  167  13:18  Zergling x4  
  167  13:19  Zergling x4  
  162  13:20  Zergling x2  
  162  13:21  Zergling x2  
  162  13:26  Zergling x4  
  159  13:27  Zergling x4  
  159  13:29  Zergling x2  
  168  13:34  Zergling x4  
  168  13:36  Zergling x4  
  168  13:37  Zergling x6  
  168  13:39  Zergling x2  
Show
View Real Time Build Order
Export as new Build Order

Zanster Zerg - Winner!

Build Orders: Hatch First, Lurkers, Roach Hydra 

Get SALT Encoding   

  12  0:00  Drone  
  13  0:13  Overlord  
  13  0:17  Drone  
  14  0:31  Drone  
  14  0:32  Drone  
  16  0:50  Hatchery  
  16  0:52  Drone  
  16  0:55  Drone  
  17  0:58  Drone  
  18  1:10  Extractor  
  17  1:14  Spawning Pool  
  17  1:17  Drone  
  17  1:20  Drone  
  18  1:29  Drone  
  19  1:40  Drone  
  20  1:51  Drone  
  21  2:01  Queen, Overlord  
  21  2:02  Queen  
  21  2:06  Drone  
  26  2:09  Metabolic Boost  
  26  2:15  Drone x2  
  28  2:23  Drone x2  
  30  2:33  Drone  
  30  2:34  Drone  
  32  2:40  Hatchery  
  32  2:44  Queen  
  31  2:47  Drone  
  31  2:50  Overlord  
  34  2:56  Baneling Nest  
  33  2:58  Drone  
  33  2:59  Drone  
  35  3:06  Zergling x2  
  35  3:11  Drone x2  
  35  3:12  Zergling x2  
  39  3:14  Drone x3  
  39  3:19  Overlord  
  42  3:22  Drone  
  42  3:24  Drone  
  44  3:28  Evolution Chamber  
  44  3:34  Drone  
  44  3:38  Drone  
  44  3:40  Extractor  
  44  3:43  Drone x2  
  44  3:44  Drone x5  
  51  3:54  Zerg Missile Weapons Level 1  
  51  3:55  Overlord  
  51  3:56  Drone x2  
  53  4:03  Drone  
  53  4:06  Drone, Extractor  
  53  4:09  Drone  
  55  4:14  Overlord, Roach Warren  
  55  4:16  Drone  
  54  4:17  Drone x5  
  54  4:18  Drone  
  54  4:23  Lair  
  60  4:25  Drone  
  60  4:27  Zergling x6  
  60  4:29  Overlord  
  64  4:34  Drone  
  64  4:35  Pneumatized Carapace  
  64  4:38  Drone  
  66  4:41  Overlord  
  66  4:47  Drone  
  66  4:52  Drone x7  
  74  4:57  Overlord  
  74  5:01  Drone x4  
  74  5:03  Drone  
  74  5:05  Drone  
  74  5:06  Extractor x2  
  78  5:07  Extractor  
  78  5:09  Hatchery  
  78  5:10  Drone  
  78  5:13  Drone  
  77  5:16  Drone  
  77  5:17  Overlord  
  77  5:18  Drone  
  77  5:19  Drone  
  80  5:22  Glial Reconstitution  
  80  5:23  Overseer  
  80  5:27  Overseer  
  80  5:29  Overlord  
  80  5:31  Roach x4  
  80  5:34  Roach  
  80  5:35  Overlord  
  90  5:38  Queen  
  90  5:40  Roach x3  
  98  5:43  Overlord  
  98  5:46  Queen  
  100  5:52  Hydralisk Den  
  100  5:54  Roach x5  
  107  5:57  Baneling x2  
  107  6:07  Zerg Missile Weapons Level 2  
  107  6:11  Drone x9  
  113  6:12  Evolution Chamber  
  113  6:14  Drone  
  116  6:18  Overlord  
  116  6:24  Overlord  
  116  6:29  Roach  
  116  6:30  Roach x2  
  121  6:36  Drone  
  121  6:37  Drone x2, Zerg Ground Armor Level 1  
  121  6:38  Muscular Augments  
  119  6:41  Spore Crawler  
  118  6:48  Hydralisk x9  
  118  6:49  Hydralisk  
  138  6:54  Hydralisk x2  
  138  6:57  Overlord  
  142  7:03  Spore Crawler  
  141  7:09  Spore Crawler  
  141  7:11  Spore Crawler  
  141  7:13  Drone x2  
  141  7:14  Drone  
  141  7:15  Spore Crawler  
  141  7:16  Spore Crawler  
  141  7:18  Overlord x2  
  141  7:19  Infestation Pit  
  141  7:21  Overlord  
  141  7:22  Overlord  
  139  7:25  Overlord x2  
  139  7:29  Tunneling Claws  
  139  7:30  Burrow  
  139  7:36  Overlord  
  133  7:39  Overlord x2  
  133  7:40  Hydralisk  
  133  7:41  Hydralisk x4  
  143  7:49  Roach x5  
  143  7:50  Roach  
  155  7:53  Overlord  
  155  7:55  Grooved Spines  
  154  8:01  Roach x5  
  154  8:03  Overlord  
  162  8:15  Infestor x2  
  166  8:21  Infestor  
  166  8:23  Drone x2  
  166  8:24  Extractor  
  166  8:25  Overlord  
  169  8:28  Overlord x2  
  169  8:29  Hydralisk x2  
  169  8:30  Roach  
  169  8:31  Overlord  
  175  8:35  Overlord  
  175  8:41  Hive, Spore Crawler  
  175  8:42  Spore Crawler  
  175  8:43  Infestor, Spore Crawler  
  175  8:46  Drone x7  
  179  8:50  Extractor  
  179  8:53  Overlord  
  176  8:57  Roach x5  
  186  9:10  Spore Crawler  
  186  9:11  Spore Crawler  
  186  9:14  Queen  
  186  9:18  Drone x2  
  186  9:21  Lurker Den  
  185  9:26  Hydralisk x7  
  199  9:49  Spore Crawler  
  199  9:50  Spine Crawler, Spore Crawler  
  196  9:52  Spine Crawler  
  196  9:54  Zerg Ground Armor Level 2  
  196  9:55  Zerg Missile Weapons Level 3  
  196  9:56  Roach x3  
  187  10:09  Roach x8  
  196  10:18  Roach x3  
  200  10:28  Overseer x2  
  200  10:29  Overseer  
  200  10:34  Spore Crawler  
  199  10:36  Spore Crawler  
  195  10:47  Drone  
  195  10:48  Drone x5  
  195  10:49  Drone x3  
  200  10:55  Roach x9  
  198  10:58  Lurker x2, Roach x3  
  200  11:24  Spore Crawler  
  200  11:25  Lurker x5  
  196  11:26  Hatchery  
  196  11:30  Lurker  
  196  11:31  Lurker  
  196  11:32  Lurker x5  
  186  11:49  Lurker x2  
  186  11:50  Hydralisk x5, Lurker x2  
  200  12:10  Spore Crawler x3  
  200  12:11  Spore Crawler x3  
  200  12:12  Spore Crawler  
  154  12:30  Hydralisk  
  154  12:31  Hydralisk x5, Roach x14  
  154  12:35  Roach  
  196  12:42  Roach x2  
  196  13:36  Hydralisk x2  
Tags
 
Add a new tag
Caveats
  • Supply blocks, unpowered buildings, or Contaminate may cause inaccurate times.
  • Supply counts are checked every 10 seconds.